 Dungeon Crawl Stone Soup version 0.29.1-12-g30fa7ad0bf (webtiles) character file.

Game seed: 16232051706504734560

551 Flaz the Grappler (level 7, -2/57 HPs)
             Began as a Ghoul Monk on Dec 18, 2022.
             Slain by Edmund
             ... wielding a +2 dire flail of protection
              (9 damage)
             ... on level 4 of the Dungeon.
             The game lasted 00:07:13 (2910 turns).

Flaz the Grappler (Ghoul Monk)                      Turns: 2910, Time: 00:07:14

Health: -2/57      AC: 10    Str: 20 (23) XL:     7   Next: 29%
Magic:  6/6        EV: 10    Int:  1 (5)  God:
Gold:   224        SH:  0    Dex: 10 (11) Spells: 6/6 levels left

rFire   . . .      SeeInvis .     - Unarmed
rCold   + . .      Faith    .   (no shield)
rNeg    + + +      Spirit   .   f - +1 scale mail
rPois   ∞          Reflect  .   (no helmet)
rElec   .          Harm     .   q - +2 cloak
rCorr   +          Rampage  .   (no gloves)
Will    .....                   (no boots)
Stlth   ..........              (no amulet)
HPRegen 0.00/turn               i - ring of resist corrosion
MPRegen 0.10/turn               y - +6 ring of strength

@: about to teleport, inhibited regen
A: claws 1, cold resistance 1, negative energy resistance 3, inhibited
regeneration, torment resistance 2, devour on kill
a: no special abilities


You were on level 4 of the Dungeon.
You visited 1 branch of the dungeon, and saw 4 of its levels.

You collected 224 gold pieces.

Inventory:

Hand Weapons
 u - a +0 antimagic spear
Missiles
 c - 2 boomerangs (quivered)
 k - 3 poisoned darts
Armour
 f - a +1 scale mail (worn)
 l - a +0 chain mail
 q - a +2 cloak (worn)
Jewellery
 i - a ring of resist corrosion (left claw)
 t - a ring of ice
 y - a +6 ring of strength (right claw)
Scrolls
 a - 2 scrolls of fear {unknown}
 g - 2 scrolls of teleportation
 h - 2 scrolls of enchant armour
 m - 3 scrolls of identify {unknown}
 o - a scroll of immolation {unknown}
 p - a scroll of noise {unknown}
 r - a scroll of acquirement {unknown}
 w - a scroll of summoning {unknown}
Potions
 b - a potion of ambrosia
 d - a potion of mutation
 e - a potion of lignification {unknown}
 j - a potion of brilliance {unknown}
 s - a potion of attraction {unknown}
 v - a potion of resistance {unknown}
 x - 2 potions of degeneration
 z - a potion of magic {unknown}
 A - a potion of might {unknown}
 B - a potion of heal wounds {unknown}


   Skills:
 - Level 3.2 Fighting
 + Level 0.7 Throwing
 - Level 2.6 Dodging
 - Level 2.1 Stealth
 + Level 8.8 Unarmed Combat


You had 6 spell levels left.
You didn't know any spells.
Your spell library was empty.

Dungeon Overview and Level Annotations

Branches:
Dungeon (4/15)
 Temple: D:4-7

Altars:
Cheibriados
Okawaru

Shops:
D:1 ?

Annotations:
D:4 Edmund


Innate Abilities, Weirdness & Mutations

You are immune to poison.
You have sharp fingernails.
Your flesh is cold resistant. (rC+)
You are immune to negative energy. (rN+++)
You do not regenerate when monsters are visible.
You are immune to unholy pain and torment.
You thrive by killing the living.


Message History

Edmund is heavily wounded.
Edmund hits you with a +2 dire flail of protection!
* * * LOW HITPOINT WARNING * * *
It was a potion of curing.
You feel better.
Edmund hits you with a +2 dire flail of protection.
* * * LOW HITPOINT WARNING * * *
It was a potion of degeneration.
There was something very wrong with that liquid.
You feel weakened.
You feel dopey.
You feel clumsy.
Edmund hits you with a +2 dire flail of protection!
* * * LOW HITPOINT WARNING * * *
You feel better. Edmund hits you but does no damage.
It was a potion of mutation.
You feel extremely strange.
Your body decomposes!
You feel weakened.
Your body decomposes!
You feel dopey.
Your body decomposes!
You feel dopey.
Edmund hits you with a +2 dire flail of protection!
* * * LOW HITPOINT WARNING * * *
You feel better. Edmund barely misses you.
You completely miss Edmund.
Edmund is heavily wounded.
Edmund hits you with a +2 dire flail of protection.
* * * LOW HITPOINT WARNING * * *
You barely miss Edmund.
Edmund is heavily wounded.
Edmund hits you but does no damage.
As you read the scroll labelled RORUPLIMOMM, it crumbles to dust.
It is a scroll of enchant armour.
Your +0 scale mail glows green for a moment.
Edmund hits you with a +2 dire flail of protection.
* * * LOW HITPOINT WARNING * * *
As you read the scroll labelled PEILIQ WERANGE, it crumbles to dust.
You feel strangely unstable.
It was a scroll of teleportation.
Edmund closely misses you. Edmund attacks as you move away!
Edmund hits you with a +2 dire flail of protection!
You die...

#.#....#....####..##.#..#......#
..)....#.....# #.....#..##.....#
..##....:..### ##.........)....#
.....#.#.#..### ####.####.....##
.#.#.#...#.#..# #.####..#.##
)#......... #.# #.#.......#
.).##.....###.######.#.##.####
............#.#......#.##.#
....#.###.###.#@@.........#
....................##.####
...##.....##..#.....##.#####
.#..........#.#.....##.....#
.#.#.#...#. #.############.#
.....#.#.# #@# #.# ..##..
...#.#.###### #.#
.......#...........# #.#
#.#....#.....#####.## #.#


You could see Edmund.

Vanquished Creatures
  Pikel (D:4)
  2 lemures (D:4)
  A howler monkey (D:4)
  2 adders
  A worm (D:3)
  4 dart slugs
  3 orcs (D:4)
  10 ball pythons
  4 endoplasms
  3 giant cockroaches
  6 hobgoblins
  8 kobolds
  2 quokkas
  5 bats
  8 frilled lizards
  3 goblins
  5 rats
68 creatures vanquished.

Notes
Turn   | Place    | Note
-------+----------+-------------------------------------------
     0 | D:1      | Flaz the Ghoul Monk began the quest for the Orb.
     0 | D:1      | Reached XP level 1. HP: 19/19 MP: 0/0
   123 | D:1      | Reached XP level 2. HP: 17/26 MP: 1/1
   245 | D:1      | Found Mel Guth's Magic Scroll Emporium.
   256 | D:1      | Reached skill level 4 in Unarmed Combat
   483 | D:1      | Reached XP level 3. HP: 31/31 MP: 2/2
  1106 | D:2      | Reached skill level 5 in Unarmed Combat
  1231 | D:2      | Found a faded altar of an unknown god.
  1621 | D:3      | Found an iron altar of Okawaru.
  1638 | D:3      | Reached XP level 4. HP: 38/38 MP: 3/3
  1678 | D:3      | Found a snail-covered altar of Cheibriados.
  2113 | D:3      | Found Wemp's Magic Scroll Boutique.
  2271 | D:4      | Noticed Pikel
  2273 | D:4      | Noticed a lemure
  2273 | D:4      | Noticed a lemure
  2273 | D:4      | Noticed a lemure
  2287 | D:4      | Killed a lemure
  2290 | D:4      | Killed a lemure
  2299 | D:4      | Killed Pikel
  2300 | D:4      | Reached skill level 8 in Unarmed Combat
  2300 | D:4      | Reached XP level 5. HP: 23/45 MP: 4/4
  2300 | D:4      | Reached XP level 6. HP: 26/51 MP: 5/5
  2300 | D:4      | Reached XP level 7. HP: 29/57 MP: 6/6
  2871 | D:4      | Noticed Edmund
  2904 | D:4      | HP: 2/57 [Edmund/+2 dire flail of protection (10)]
  2910 | D:4      | Slain by Edmund

Illustrated notes

Levels and vault maps discovered:
D:1:      ncdulo_halloftheorcs, layout_basic, serial_shops, nicolae_square_shop,
          st_stairs_14, minivault_26, minmay_lizard_pond
D:2:      layout_basic, chequers_ecumenical_altar_island
D:3:      layout_basic, kennysheep_slug_shrine, okawaru_trees_2,
          lemuel_doored_altar, serial_shops, shop, grunt_decor_junction
D:4:      nicolae_cairo_tiling_large_dashed, layout_loops_cross, sigmund_army,
          uniq_pikel, uniq_edmund, uniq_duvessa

Skill      XL: |  1  2  3  4 |
---------------+-------------+-----
Unarmed Combat | 4 5 8 |  8.8
Fighting       | |  3.2
Throwing       | |  0.7
Dodging        | |  2.6
Stealth        | |  2.1

Action                   |  1- 3 |  4- 6 |  7- 9 || total
-------------------------+-------+-------+-------++-------
Melee: Unarmed           |   128 |    37 |    47 ||   212
       Punch             |     2 |     2 |       ||     4
Throw: Boomerang         |       |     3 |       ||     3
  Use: Potion            |       |       |     5 ||     5
       Scroll            |       |       |     2 ||     2
Armor: Robe              |     4 |       |       ||     4
       Scale mail        |    45 |    16 |    12 ||    73
Dodge: Dodged            |    64 |    14 |    25 ||   103
